 Dungeon Crawl Stone Soup version 0.20.0-8-g6b59dc7 (webtiles) character file.

172 Monsterracer the Cudgeler (level 5, -4/32 HPs)
             Began as a Gargoyle Monk on June 1, 2017.
             Killed by nerve-wracking pain
             ... invoked by an orc priest
              (5 damage)
             ... on level 3 of the Dungeon.
             The game lasted 00:05:14 (3443 turns).

Monsterracer the Cudgeler (Gargoyle Monk)           Turns: 3443, Time: 00:05:14

Health: -4/32      AC:  6    Str: 16    XL:     5   Next: 52%
Magic:  5/5        EV: 14    Int: 10    God:
Gold:   109        SH:  0    Dex: 12    Spells: 2/4 levels left

rFire    . . .     SeeInvis .   a - +0 mace
rCold    + . .     Gourm    .   (no shield)
rNeg     + . .     Faith    .   b - +0 robe
rPois    ∞         Spirit   .   (no helmet)
rElec    +         Reflect  .   (no cloak)
rCorr    .         Harm     .   (no gloves)
MR       .....                  (no boots)
Stlth    ++........             (no amulet)
Regen    0.1/turn               i - ring of protection from cold
MPRegen  0.1/turn               h - +2 ring of evasion

@: no status effects
A: negative energy resistance 1, electricity resistance, unbreathing,
petrification resistance, rot immunity, AC +4
a: no special abilities


You were on level 3 of the Dungeon.
You were not hungry.

You visited 1 branch of the dungeon, and saw 3 of its levels.

You collected 109 gold pieces.

Inventory:

Hand Weapons
 a - a +0 mace (weapon)
Armour
 b - a +0 robe (worn)
 f - a +0 buckler
Jewellery
 h - a +2 ring of evasion (right hand)
 i - a ring of protection from cold (left hand)
Scrolls
 d - 5 scrolls of remove curse {unknown}
 e - a scroll of recharging {unknown}
 g - a scroll of random uselessness {unknown}
 j - 2 scrolls of teleportation {unknown}
 k - 2 scrolls of amnesia {unknown}
 m - a scroll of identify {unknown}
 n - a scroll of magic mapping {unknown}
Potions
 l - a potion of resistance
Comestibles
 c - 5 bread rations


   Skills:
 - Level 3.2 Fighting
 + Level 6.0 Maces & Flails
 - Level 2.4 Dodging
 - Level 2.1 Stealth


You had 2 spell levels left.
You knew the following spells:

 Your Spells              Type           Power        Failure   Level  Hunger
a - Apportation           Tloc           #.....       36%         1    ##.....
b - Summon Small Mammal   Summ           #...         36%         1    ##.....


Dungeon Overview and Level Annotations

Branches:
Dungeon (3/15)

Altars:
Fedhas
Okawaru


Innate Abilities, Weirdness & Mutations

You are resistant to torment.
Your stone body is resilient. (AC +4)
You are immune to poison.
You resist negative energy. (rN+)
You are resistant to electric shocks. (rElec)
You can survive without breathing.
You are immune to petrification.
You are immune to rotting.


Message History

The orc priest is severely wounded.
The orc priest barely misses you.
You barely miss the orc priest.
The orc priest is severely wounded.
The walls and floor vibrate strangely for a moment.
The orc priest hits you but does no damage.
You hit the orc priest.
The orc priest is severely wounded.
The orc priest hits you but does no damage.
You hit the orc priest.
The orc priest is almost dead.
The orc priest calls down the wrath of Beogh upon you.
Pain shoots through your body!
* * * LOW HITPOINT WARNING * * *
The orc priest hits you but does no damage.
You hit the orc priest but do no damage.
The orc priest is almost dead.
The orc priest invokes the aid of Beogh against you.
Pain shoots through your body!
You die...

####### #.....# #
###.####
#.#......#########
#.#.#.##.†@o......
#.....######.##.##
###.### # #.# #.#
#.# #.# #.# #.#


You could see an orc priest.

Vanquished Creatures
  A centaur zombie (D:3)
  6 adders
  2 worms (D:2)
  2 dart slugs
  2 leopard geckos (D:2)
  9 orcs (D:3)
  2 ball pythons
  3 giant cockroaches
  5 goblins
  3 hobgoblins
  8 jackals (D:1)
  5 kobolds
  6 bats
  6 frilled lizards
  8 rats
68 creatures vanquished.

Notes
Turn   | Place    | Note
-------+----------+-------------------------------------------
     0 | D:1      | Monsterracer the Gargoyle Monk began the quest for the Orb.
     0 | D:1      | Reached XP level 1. HP: 14/14 MP: 1/1
   690 | D:1      | Reached XP level 2. HP: 15/19 MP: 2/2
   982 | D:1      | Reached skill level 4 in Maces & Flails
  1454 | D:2      | Reached XP level 3. HP: 21/23 MP: 3/3
  1919 | D:2      | Reached XP level 4. HP: 21/28 MP: 4/4
  2014 | D:2      | Reached skill level 5 in Maces & Flails
  2843 | D:3      | Learned a level 1 spell: Apportation
  2845 | D:3      | Learned a level 1 spell: Summon Small Mammal
  2961 | D:3      | Found a blossoming altar of Fedhas.
  3096 | D:3      | Reached XP level 5. HP: 12/32 MP: 5/5
  3194 | D:3      | Found an iron altar of Okawaru.
  3421 | D:3      | Reached skill level 6 in Maces & Flails
  3442 | D:3      | HP: 1/32 [orc priest/nerve-wracking pain (4)]
  3443 | D:3      | Killed from afar by an orc priest

Skill      XL: |  1  2  3  4  5 |
---------------+----------------+-----
Maces & Flails | 4 5 6 |  6.0
Fighting       | |  3.2
Dodging        | |  2.4
Stealth        | |  2.1

Action                   |  1- 3 |  4- 6 || total
-------------------------+-------+-------++-------
Melee: Mace              |   134 |   133 ||   267
  Use: Potion            |     3 |     4 ||     7
 Stab: Sleeping          |     3 |     3 ||     6
  Eat: Chunk             |     3 |     5 ||     8
Armor: Robe              |    41 |    52 ||    93
Dodge: Dodged            |    97 |    92 ||   189
